 Dungeon Crawl Stone Soup version 0.31-a0-455-g1a7b003ef0 (webtiles) character file.

Game seed: 17815571278770680855

79 arthad the Covered (level 4, -2/29 HPs)
             Began as a Gargoyle Fighter on Aug 3, 2023.
             Slain by Natasha (6 damage)
             ... on level 3 of the Dungeon.
             The game lasted 00:02:32 (2031 turns).

arthad the Covered (Gargoyle Fighter)               Turns: 2031, Time: 00:02:33

Health: -2/29      AC: 10    Str: 22    XL:     4   Next: 38%
Magic:  4/4        EV:  9    Int:  8    God:
Gold:   125        SH:  4    Dex:  9    Spells: 3/3 levels left

rFire   . . .        a - +0 flail
rCold   . . .        c - +0 buckler
rNeg    + . .        b - +0 scale mail
rPois   ∞            (no helmet)
rElec   +            (no cloak)
rCorr   .            (no gloves)
SInv    .            (no boots)
Will    .....        (no amulet) Stlth
                     (no ring)
HPRegen 0.24/turn    (no ring)
MPRegen 0.09/turn

%: no passive effects
@: slowed, invisible, very slow
A: sickness immunity, AC +3, negative energy resistance 1, electricity
resistance, torment resistance 1, petrification resistance
a: no special abilities


You were on level 3 of the Dungeon.
You visited 1 branch of the dungeon, and saw 3 of its levels.

You collected 125 gold pieces.

Inventory:

Hand Weapons
 a - a +0 flail (weapon)
Armour
 b - a +0 scale mail (worn)
 c - a +0 buckler (worn)
Jewellery
 i - an amulet of regeneration
Scrolls
 g - a scroll of immolation {unknown}
 h - a scroll of brand weapon {unknown}
 k - a scroll of noise {unknown}
Potions
 d - 2 potions of might
 l - a potion of attraction {unknown}
 m - a potion of lignification {unknown}
 n - a potion of haste {unknown}


   Skills:
 + Level 3.9 Fighting
 + Level 2.8 Maces & Flails
 + Level 4.0 Armour
 + Level 3.9 Shields


You had 3 spell levels left.
You didn't know any spells.
Your spell library contained the following spells:

 Spells                   Type           Power      Damage    Failure   Level
 Shock                    Conj/Air       0%         1d3       80%         1
 Swiftness                Air            0%         N/A       99%         3
 Airstrike                Air            0%         2d(0-16)  100%        4


Dungeon Overview and Level Annotations

Branches:
Dungeon (3/15)

Altars:
Zin

Shops:
D:1 *

Annotations:
D:3 Natasha


Innate Abilities, Weirdness & Mutations

You are immune to sickness and miasma.
Your stone body is resilient. (AC +3)
You are immune to poison.
You resist negative energy. (rN+)
You are resistant to electric shocks. (rElec)
You are resistant to unholy torment.
You are immune to petrification.


Message History

You barely miss the quokka.
The quokka bites you but does no damage.
The hobgoblin hits you.
* * * LOW HITPOINT WARNING * * *
You block the quokka's attack.
Natasha, Servant of Life and Death comes into view.
You closely miss the hobgoblin.
Natasha stares at you and mumbles some strange words.
You feel yourself slow down. You block the hobgoblin's attack.
The quokka bites you.
* * * LOW HITPOINT WARNING * * *
The hobgoblin closely misses you.
You feel better. You block the quokka's attack.
Natasha casts a spell.
You block the quokka's attack. The hobgoblin barely misses you.
It was a potion of magic.
Magic courses through your body. The quokka closely misses you.
The hobgoblin hits you but does no damage.
You block the quokka's attack. You block the hobgoblin's attack.
It was a potion of invisibility.
You fade into invisibility!
The quokka barely misses you.
Natasha casts a spell.
The hobgoblin barely misses you. The quokka bites you.
Okay, then.
You block the hobgoblin's attack.
The cerulean imp shouts!
Natasha casts a spell at you.
The magic dart hits you but does no damage.
The cerulean imp shouts!
Natasha claws you but does no damage. The hobgoblin closely misses you.
The cerulean imp shouts!
Natasha howls an incantation.
You feel troubled. Natasha claws you but does no damage.
Natasha attacks as you move away! Natasha claws you!
* * * LOW HITPOINT WARNING * * *
The cerulean imp shouts!
Natasha claws you.
You die...

########## #########
#........# ........######
#........# ......)......#
........###
.............######........###
..........>.....@h.55........#
..............#####rg.†....#..
..................#$..(.......
....................r†###.....
.........)##########.... ....
.....†...######## #....# ...
......).........# #......
######..........# #.#.##.. #
#..........# #.#.# ...


You could see Natasha, 2 cerulean imps, a quokka (unable to see you) and a
hobgoblin (unable to see you).

Vanquished Creatures
  Natasha (D:3)
  2 worms (D:2)
  2 dart slugs
  4 bats
  2 endoplasms (D:1)
  3 giant cockroaches
  4 hobgoblins
  4 jackals (D:1)
  3 quokkas
  6 ball pythons
  2 frilled lizards (D:2)
  5 goblins
  3 kobolds
  2 rats
43 creatures vanquished.

Notes
Turn   | Place    | Note
-------+----------+-------------------------------------------
     0 | D:1      | arthad the Gargoyle Fighter began the quest for the Orb.
     0 | D:1      | Reached XP level 1. HP: 14/14 MP: 1/1
   198 | D:1      | Found Querphoy's Assorted Antiques.
   203 | D:1      | Reached XP level 2. HP: 19/19 MP: 2/2
  1073 | D:2      | Reached XP level 3. HP: 21/23 MP: 3/3
  1382 | D:2      | Noticed a great orb of eyes
  1386 | D:2      | Noticed a golden eye
  1388 | D:2      | Found a faded altar of an unknown god.
  1389 | D:2      | Noticed a shining eye
  1389 | D:2      | Noticed a great orb of eyes
  1703 | D:2      | Found a glowing silver altar of Zin.
  1990 | D:3      | Noticed Natasha
  2002 | D:3      | Killed Natasha
  2003 | D:3      | Reached skill level 4 in Armour
  2003 | D:3      | Reached XP level 4. HP: 18/29 MP: 4/4
  2022 | D:3      | Noticed Natasha
  2031 | D:3      | Slain by Natasha

Illustrated notes

Levels and vault maps discovered:
D:1:      onia_arrival_pyramid, layout_basic, serial_shops, shop_fountains
D:2:      kennysheep_big_flooded_room, layout_basic,
          hellmonk_ecumenical_altar_watching_god, basic_altar
D:3:      layout_rooms, uniq_natasha

Skill      XL: |  1  2  3 |
---------------+----------+-----
Armour         | 4 |  4.0
Fighting       | |  3.9
Maces & Flails | |  2.8
Shields        | |  3.9

Action                     |  1- 3 |  4- 6 || total
---------------------------+-------+-------++-------
  Melee: Flail             |   154 |    20 ||   174
    Use: Potion            |     1 |     3 ||     4
 Armour: Scale mail        |   103 |    34 ||   137
  Dodge: Dodged            |    99 |    24 ||   123
  Block: Buckler           |    37 |    19 ||    56

Table legend: (Time is in decaauts)
 A = Elapsed time spent in this place.
 B = Non-inter-level travel time spent in this place.
 C = Inter-level travel time spent in this place.
 D = Time resting spent in this place.
 E = Time spent auto-exploring this place.
 F = Levels seen in this place.
 G = Mean time per level.
                   A        B        C        D        E       F      G
               +--------+--------+--------+--------+--------+-----+--------+
         Total |   2095 |   2017 |     78 |      0 |   1629 |   3 |  698.3 |
       Dungeon |   2095 |   2017 |     78 |      0 |   1629 |   3 |  698.3 |
               +--------+--------+--------+--------+--------+-----+--------+

Top non-repeatable levels by time:
     D:1: 1044 daAuts
     D:2: 858 daAuts
     D:3: 193 daAuts
